 Dungeon Sprint DCSS version 0.30-a0-177-g1cb5dbfd7a (webtiles) character file.

Game seed: 4331386766286432531

10 mhtbhm the Digger (level 2, -7/15 HPs)
             Began as a Gargoyle Earth Elementalist on Oct 2, 2022.
             Mangled by a neqoxec (10 damage)
             ... in the Dungeon (Sprint II: "The Violet Keep of Menkaure").
             The game lasted 00:00:29 (224 turns).

mhtbhm the Digger (Gargoyle Earth Elementalist)      Turns: 224, Time: 00:00:29

Health: -7/15      AC:  4    Str: 11    XL:     2   Next: 20%
Magic:  1/5        EV: 12    Int: 15    God:
Gold:   243        SH:  0    Dex: 10    Spells: 3/6 levels left

rFire   . . .      SeeInvis .    (no weapon)
rCold   . . .      Faith    .    (no shield)
rNeg    + . .      Spirit   .    a - +0 robe
rPois   ∞          Reflect  .    (no helmet)
rElec   +          Harm     .    (no cloak)
rCorr   .          Rampage  .    (no gloves)
Will    .....      NoTele   +    (no boots)
Stlth   ++........               (no amulet)
HPRegen 0.22/turn                (no ring)
MPRegen 0.09/turn                (no ring)

@: unable to read
A: sickness immunity, AC +2, negative energy resistance 1, electricity
resistance, torment resistance 1, petrification resistance, inability to read
after injury 1
a: no special abilities


You were in the Dungeon.
You visited 1 branch You collected 243 gold pieces.

Inventory:

Armour
 a - a +0 robe (worn)
Scrolls
 g - a scroll of blinking
Potions
 b - 2 potions of magic
 c - a potion of curing
 e - a potion of haste


   Skills:
 + Level 1.9 Dodging
 + Level 2.8 Stealth
 - Level 0.1 Unarmed Combat
 + Level 2.7 Spellcasting
 + Level 0.8 Transmutations
 + Level 5.1 Earth Magic


You had 3 spell levels left.
You knew the following spells:

 Your Spells              Type           Power      Damage    Failure   Level
a - Sandblast             Erth           34%        2d9       2%          1
b - Passwall              Tmut/Erth      8%         N/A       10%         2

Your spell library contained the following spells:

 Spells                   Type           Power      Damage    Failure   Level
 Stone Arrow              Conj/Erth      18%        3d8       22%         3
 Petrify                  Tmut/Erth      10%        N/A       52%         4


Dungeon Overview and Level Annotations

Branches:
Dungeon (1/1)

Altars:

Shops:
D =:[!:(:[*!


Innate Abilities, Weirdness & Mutations

You are immune to sickness and miasma.
Your stone body is resilient. (AC +2)
You are immune to poison.
You resist negative energy. (rN+)
You are resistant to electric shocks. (rElec)
You are resistant to unholy torment.
You are immune to petrification.
You occasionally lose the ability to read scrolls when taking damage.


Message History

Confirm with . or Enter, or press ? or * to list all spells.
Aiming: Sandblast (safe; 2% risk of failure)
Press: ? - help, Shift-Dir - straight line, f - neqoxec
Aim: a neqoxec (77% to hit)
The blast of sand hits the neqoxec!
The neqoxec is lightly wounded.
The neqoxec gestures at you.
Strange energies course through your body.
You occasionally lose the ability to read scrolls when taking damage.
Casting: Sandblast (safe; 2% risk of failure)
Confirm with . or Enter, or press ? or * to list all spells.
Aiming: Sandblast (safe; 2% risk of failure)
Press: ? - help, Shift-Dir - straight line, f/p - neqoxec
Aim: a neqoxec (lightly wounded, 77% to hit)
The blast of sand hits the neqoxec.
The neqoxec is moderately wounded.
The neqoxec barely misses you.
A water moccasin comes into view.
Casting: Sandblast (safe; 2% risk of failure)
Confirm with . or Enter, or press ? or * to list all spells.
Aiming: Sandblast (safe; 2% risk of failure)
Press: ? - help, Shift-Dir - straight line, f/p - neqoxec
Aim: a neqoxec (moderately wounded, 77% to hit)
The blast of sand hits the neqoxec but does no damage.
The neqoxec is moderately wounded.
The water moccasin hisses angrily.
The neqoxec hits you.
A neqoxec comes into view.
The neqoxec hits you!
You feel threatened and lose the ability to read scrolls!
* * * LOW HITPOINT WARNING * * *
Unknown command.
Casting: Sandblast (safe; 2% risk of failure)
Confirm with . or Enter, or press ? or * to list all spells.
Aiming: Sandblast (safe; 2% risk of failure)
Press: ? - help, Shift-Dir - straight line, f/p - neqoxec
Aim: a neqoxec (moderately wounded, 77% to hit)
The blast of sand misses the neqoxec.
The neqoxec hits you!
Ouch! That really hurt!
You die...

######~ ..∩.∩#~
.∩.∩.#~ ∩....#~
.∩...#~ ###
∩....#~##.###+#
.∩...#~#...##.##
+~'##.'.<.+
.∩.∩.#~#.####@##
▓▓▓###~ #.# #3#
######~ ## S##
## 3# ##


You could see 2 neqoxecs and a water moccasin.

Vanquished Creatures
  3 worms (D)
3 creatures vanquished.

Vanquished Creatures (others)
  Menkaure (D)
1 creature vanquished.

Grand Total: 4 creatures vanquished

Notes
Turn   | Place    | Note
-------+----------+-------------------------------------------
     0 | D        | mhtbhm the Gargoyle Earth Elementalist began the quest for
                  | the Orb.
     0 | D        | Reached XP level 1. HP: 10/10 MP: 3/3
     8 | D        | Reached skill level 4 in Earth Magic
    17 | D        | Reached XP level 2. HP: 15/15 MP: 1/5
   127 | D        | Killed Menkaure
   168 | D        | Learned a level 2 spell: Passwall
   169 | D        | Found Iforeog's Assorted Antiques.
   170 | D        | Found Tarotas's Antique Weapon Shoppe.
   170 | D        | Found Govexuha's Book Emporium.
   170 | D        | Found Reupunn's Book Shoppe.
   170 | D        | Found Fulust's Distillery.
   170 | D        | Found Ruowyum's Jewellery Emporium.
   170 | D        | Found Cusa's Antique Armour Shoppe.
   170 | D        | Found Seiddih's Antique Armour Emporium.
   170 | D        | Found Piedd's Distillery.
   170 | D        | Found Bothuick's Book Emporium.
   175 | D        | Reached skill level 5 in Earth Magic
   220 | D        | Noticed a neqoxec
   221 | D        | Gained mutation: You occasionally lose the ability to read
                  | scrolls when taking damage. [a neqoxec]
   222 | D        | Noticed a water moccasin
   223 | D        | Noticed a neqoxec
   224 | D        | Mangled by a neqoxec

Illustrated notes

Levels and vault maps discovered:
D:        the_violet_keep_of_menkaure [sprint2_stairs_cluster_1,
          sprint2_shoproom, sprint2_temple, sprint2_basic_supplies,
          sprint2_obstacle_3, sprint2_obstacle_6, sprint2_obstacle_4,
          sprint2_obstacle_1, sprint2_obstacle_7, sprint2_timed_cluster_1,
          sprint2_smallroom_cluster_1, sprint2_smallroom_final_cluster_1,
          sprint2_transparent_cluster_1, sprint2_second_timed_cluster_1,
          sprint2_sniper_area_1, sprint2_heavy_combat_area_1,
          sprint2_mutation_trap_area_1, sprint2_forest_area_1,
          sprint2_light_combat_area_1, sprint2_behind_water_1,
          sprint2_near_end_vault_1]

Skill      XL: |  1  2 |
---------------+-------+-----
Earth Magic    | 4 5 |  5.1
Dodging        | |  1.9
Stealth        | |  2.8
Unarmed Combat | |  0.1
Spellcasting   | |  2.7
Transmutations | |  0.8

Action                   || total
-------------------------++-------
Melee: Unarmed           ||     6
 Cast: Sandblast         ||    14
  Use: Potion            ||     3
Dodge: Dodged            ||     5

Table legend: (Time is in decaauts)
 A = Elapsed time spent in this place.
 B = Non-inter-level travel time spent in this place.
 C = Inter-level travel time spent in this place.
 D = Time resting spent in this place.
 E = Time spent auto-exploring this place.
 F = Levels seen in this place.
 G = Mean time per level.
                   A        B        C        D        E       F      G
               +--------+--------+--------+--------+--------+-----+--------+
         Total |    241 |    241 |      0 |    194 |      0 |   1 |  241.0 |
       Dungeon |    241 |    241 |      0 |    194 |      0 |   1 |  241.0 |
               +--------+--------+--------+--------+--------+-----+--------+

Top non-repeatable levels by time:
       D: 241 daAuts
